 Dungeon Crawl Stone Soup version 0.32-a0-656-g3542139ebd (webtiles) character file.

Game seed: 15987475344322704960

222 ytrimaz the Conjurer (level 5, -4/38 HPs)
             Began as a Demigod Conjurer on Mar 8, 2024.
             Slain by an orc
             ... wielding a +0 hand axe
              (5 damage)
             ... on level 4 of the Dungeon.
             The game lasted 00:02:50 (2670 turns).

ytrimaz the Conjurer (Demigod Conjurer)             Turns: 2670, Time: 00:02:50

Health: -4/38      AC:  2    Str:  7 (8)  XL:     5   Next: 38%
Magic:  1/12       EV: 12    Int: 21 (24) God:
Gold:   154        SH:  0    Dex: 11 (12) Spells: 5/10 levels left

rFire   . . .        h - +1 flail (heavy)
rCold   . . .        (no shield)
rNeg    . . .        a - +0 robe
rPois   .            (no helmet)
rElec   .            (no cloak)
rCorr   .            (no gloves)
SInv    .            (no boots)
Will    +....        (no amulet)
Stlth   ++           (no ring)
HPRegen 0.26/turn    (no ring)
MPRegen 0.13/turn

%: no passive effects
@: enlightened, flying
A: high MP 1, forlorn, divine attributes
a: no special abilities


You were on level 4 of the Dungeon.
You visited 1 branch of the dungeon, and saw 4 of its levels.

You collected 154 gold pieces.


Innate Abilities, Weirdness & Mutations

You have an increased reservoir of magic. (+10% MP)
You shall have no god before yourself.
Your divine heritage dramatically boosts your attributes as you level up.


   Skills:
 - Level 1.7 Dodging
 - Level 1.7 Stealth
 + Level 3.3 Spellcasting
 + Level 4.7 Conjurations
 + Level 2.4 Earth Magic


You had 5 spell levels left.
You knew the following spells:

 Your Spells              Type           Power      Damage    Failure   Level
a - Magic Dart            Conj           92%        1d7       1%          1
b - Sandblast             Erth           26%        2d8       4%          1
c - Stone Arrow           Conj/Erth      36%        3d9       9%          3

Your spell library contained the following spells:

 Spells                   Type           Power      Damage    Failure   Level
 Searing Ray              Conj           46%        2d6       2%          2
 Shock                    Conj/Air       52%        1d6       4%          1
 Summon Small Mammal      Summ           12%        N/A       13%         1
 Passwall                 Erth           13%        N/A       14%         3
 Brom's Barrelling Bould  Conj/Erth      18%        2d4       28%         4
 Call Canine Familiar     Summ           3%         N/A       36%         3
 Swiftness                Air            3%         N/A       36%         3
 Fulminant Prism          Conj/Alch      6%         3d7       43%         4
 Iskenderun's Mystic Bla  Conj/Tloc      13%        2d5       43%         4
 Airstrike                Air            1%         2d(1-17)  78%         4
 Summon Blazeheart Golem  Fire/Summ      3%         N/A       78%         4

Inventory:

Hand Weapons
 h - a +1 heavy flail (weapon)
   (You took it off an orc on level 3 of the Dungeon)
Armour
 a - a +0 robe (worn)
Wands
 g - a wand of acid (13)
   (You found it on level 3 of the Dungeon)
Scrolls
 b - a scroll of fear {unknown}
 c - a scroll of enchant weapon {unknown}
 e - 2 scrolls of identify {unknown}
 f - a scroll of torment {unknown}

Dungeon Overview and Level Annotations

Branches:
Dungeon (4/15) Zot: 21319
 Temple: D:4-7

### ##.## #.#
#.# #.# ###'##
#....# #....#
#....######
#........@#
+........o).)..#
#.........####.#
#......†..#
#.........#
#.........#
###.####### #.


You could see an orc.


Message History

The magic dart hits the orc.
You kill the orc!
An orc comes into view. It is wielding a +0 hand axe. 😎 MP[-1]
You lost 1 mp, and now have 10/12 mp.
There are monsters nearby!
The magic dart hits the orc priest.
The orc shouts! 😎 MP[-1]
You lost 1 mp, and now have 9/12 mp.
The magic dart hits the orc priest. 😎 MP[-1]
You lost 1 mp, and now have 8/12 mp.
The magic dart hits the orc priest but does no damage. 😎 MP[-1]
You lost 1 mp, and now have 7/12 mp.
The magic dart hits the orc priest. 😎 MP[-1]
You lost 1 mp, and now have 6/12 mp.
There are monsters nearby!
There are monsters nearby!
The magic dart hits the orc priest but does no damage.
The orc priest mumbles some strange prayers to Beogh against you.
Beogh smites you! The orc misses you. 😮 HP[-13] MP[-1]
You take 13 damage, and now have 25/38 hp.
MASSIVE DAMAGE!! (PAUSE)
You lost 1 mp, and now have 5/12 mp.
You are too injured to fight recklessly!
Unknown command.
You hit the orc priest. The orc hits you with a +0 hand axe.
The orc priest calls down the wrath of Beogh upon you.
You struggle to resist.
The orc priest calls down the wrath of Beogh upon you.
Beogh smites you!
* * * LOW HITPOINT WARNING * * *
The orc grunts loudly, as Orcs often do.
The orc hits you with a +0 hand axe.
* * * LOW HITPOINT WARNING * * *
An orc wizard comes into view.
It is wielding a +0 dagger. 😨 HP[-14] MP[+1]
You take 14 damage, and now have 11/38 hp.
MASSIVE DAMAGE!! (PAUSE)
Casting: Magic Dart (safe; 1% risk of failure)
Confirm with . or Enter, or press ? or * to list all spells.
Aiming: Sandblast (safe; 4% risk of failure)
Press: ? - help, Shift-Dir - straight line, f/p - orc priest
Aim: an orc priest, wielding a +0 dagger and wearing a +0 leather armour (almost dead, 82% to hit)
The blast of sand hits the orc priest.
You kill the orc priest!
The orc closely misses you. 😨 HP[+1] MP[-1]
You lost 1 mp, and now have 5/12 mp.
Casting: Sandblast (safe; 3% risk of failure)
Confirm with . or Enter, or press ? or * to list all spells.
Aiming: Sandblast (safe; 3% risk of failure)
Press: ? - help, Shift-Dir - straight line, f - orc
Aim: an orc, wielding a +0 hand axe and wearing a +0 chain mail (87% to hit)
The blast of sand hits the orc but does no damage.
The orc barely misses you.
The orc wizard mumbles some strange words.
The orc wizard flickers and vanishes!
Deactivating autopickup; reactivate with Ctrl-A.
The orc hits you with a +0 hand axe.
* * * LOW HITPOINT WARNING * * *
😱 HP[-4] MP[-1]
You take 4 damage, and now have 8/38 hp.
You lost 1 mp, and now have 4/12 mp.
Casting: Sandblast (safe; 3% risk of failure)
Confirm with . or Enter, or press ? or * to list all spells.
Aiming: Sandblast (safe; 3% risk of failure)
Press: ? - help, Shift-Dir - straight line, f/p - orc
Aim: an orc, wielding a +0 hand axe and wearing a +0 chain mail (87% to hit)
The blast of sand hits the orc. 😱 MP[-1]
You lost 1 mp, and now have 3/12 mp.
It was a potion of enlightenment.
You feel very buoyant.
You fly up into the air.
The orc hits you with a +0 hand axe.
* * * LOW HITPOINT WARNING * * *
😱 HP[-4]
You take 4 damage, and now have 4/38 hp.
It was a potion of degeneration.
There was something very wrong with that liquid.
You feel weakened.
You feel dopey.
You feel clumsy. Something hits you.
* * * LOW HITPOINT WARNING * * *
The orc hits you with a +0 hand axe.
* * * LOW HITPOINT WARNING * * *
😱 HP[-3] MP[+1]
You take 3 damage, and now have 1/38 hp.
Unknown command.
Casting: Sandblast (safe; 4% risk of failure)
Confirm with . or Enter, or press ? or * to list all spells.
Aiming: Stone Arrow (dangerous; 9% risk of failure)
Press: ? - help, Shift-Dir - straight line, p - orc The stone arrow hits something!!
Reactivating autopickup.
You feel a bit more experienced. The orc hits you with a +0 hand axe.
You die...

Skill      XL: |  1  2  3  4 |
---------------+-------------+-----
Spellcasting   | 2 3 |  3.3
Conjurations   | 4 |  4.7
Earth Magic    | 1 2 |  2.4
Dodging        | |  1.7
Stealth        | |  1.7

Action                     |  1- 3 |  4- 6 || total
---------------------------+-------+-------++-------
  Melee: Unarmed           |    16 |       ||    16
         Rapier            |       |    19 ||    19
         Flail             |       |     1 ||     1
   Cast: Magic Dart        |    65 |    35 ||   100
         Sandblast         |     9 |     4 ||    13
         Stone Arrow       |     1 |     2 ||     3
    Use: Potion            |     1 |     2 ||     3
 Armour: Robe              |    31 |    13 ||    44
  Dodge: Dodged            |    40 |    15 ||    55

Levels and vault maps discovered:
D:1:      eino_arrival_water_cross, layout_basic, dreamdust_mushroom_princess,
          kennysheep_another_room
D:2:      layout_rooms, ebering_ecumenical_altar_petrified, uniq_natasha
D:3:      layout_rooms, mainiacjoe_overflow_paths
D:4:      layout_basic, zin_angel, demons_altar, uniq_pikel, uniq_menkaure

Notes
Turn   | Place    | Note
-------+----------+-------------------------------------------
     0 | D:1      | ytrimaz the Demigod Conjurer began the quest for the Orb.
     0 | D:1      | Reached XP level 1. HP: 14/14 MP: 5/5
     0 | D:1      | magus.rc [v1.9.6]
     2 | D:1      | You pick up a book of Geomancy and begin reading...
     2 | D:1      | You add the spells Sandblast, Passwall, Stone Arrow and
                  | Brom's Barrelling Boulder to your library.
   100 | D:1      | Reached skill level 2 in Spellcasting
   116 | D:1      | HP: 3/14 [hobgoblin (3)]
   123 | D:1      | Learned a level 1 spell: Sandblast
   172 | D:1      | Reached XP level 2. HP: 20/20 MP: 0/7
   960 | D:2      | You pick up a book of Air and begin reading...
   960 | D:2      | You add the spells Shock, Swiftness and Airstrike to your
                  | library.
   968 | D:2      | Reached skill level 4 in Conjurations
  1216 | D:2      | Reached XP level 3. HP: 26/26 MP: 5/9
  1220 | D:2      | Learned a level 3 spell: Stone Arrow
  1340 | D:2      | You pick up a book of Callings and begin reading...
  1340 | D:2      | You add the spells Summon Small Mammal, Call Canine
                  | Familiar and Summon Blazeheart Golem to your library.
  1516 | D:2      | Noticed Natasha
  1521 | D:2      | Killed Natasha
  1522 | D:2      | Reached skill level 1 in Earth Magic
  1701 | D:2      | HP: 6/26 [kobold/+0 short sword (3)]
  1703 | D:2      | HP: 2/26 [kobold/+0 short sword (3)]
  1838 | D:3      | Reached XP level 4. HP: 33/33 MP: 8/10
  2503 | D:4      | Reached skill level 3 in Spellcasting
  2564 | D:4      | Reached skill level 2 in Earth Magic
  2564 | D:4      | Reached XP level 5. HP: 38/38 MP: 6/12
  2666 | D:4      | HP: 8/38 [orc/+0 hand axe (4)]
  2669 | D:4      | HP: 2/38 [something (2)]
  2670 | D:4      | Slain by an orc

Vanquished Creatures
  A scorpion (D:4)
  A howler monkey (D:4)
  An orc priest (D:4)
  Natasha (D:2)
  An orc wizard (D:4)
  An adder (D:2)
  3 dart slugs
  6 orcs
  6 endoplasms
  3 giant cockroaches
  5 goblins
  4 hobgoblins
  5 kobolds
  A quokka (D:2)
  4 ball pythons
  5 bats
  A frilled lizard (D:1)
  4 rats
53 creatures vanquished.

Table legend:
 A = Non-vault XP
 B = Vault XP
 C = Vault XP percentage of total XP
 D = Non-vault monster count
 E = Vault monster count
 F = Vault count percentage of total count
                 A         B        C        D         E       F
            +---------+---------+-------+---------+---------+-------
      Total |     318 |      35 |   9.9 |      52 |       1 |   1.9
            +---------+---------+-------+---------+---------+-------
        D:1 |      29 |       0 |   0.0 |      16 |       0 |   0.0
        D:2 |      44 |      35 |  44.3 |      16 |       1 |   5.9
        D:3 |      28 |       0 |   0.0 |      13 |       0 |   0.0
        D:4 |     217 |       0 |   0.0 |       7 |       0 |   0.0
            +---------+---------+-------+---------+---------+-------

Skill      XL: |  1  2  3  4 |
---------------+-------------+-----
Spellcasting   | 2 3 |  3.3
Conjurations   | 4 |  4.7
Earth Magic    | 1 2 |  2.4
Dodging        | |  1.7
Stealth        | |  1.7

Action                     |  1- 3 |  4- 6 || total
---------------------------+-------+-------++-------
  Melee: Unarmed           |    16 |       ||    16
         Rapier            |       |    19 ||    19
         Flail             |       |     1 ||     1
   Cast: Magic Dart        |    65 |    35 ||   100
         Sandblast         |     9 |     4 ||    13
         Stone Arrow       |     1 |     2 ||     3
    Use: Potion            |     1 |     2 ||     3
 Armour: Robe              |    31 |    13 ||    44
  Dodge: Dodged            |    40 |    15 ||    55

Illustrated notes

Table legend:
 A = Kills in this place as a percentage of kills in the entire game.
 B = Kills by you in this place as a percentage of kills by you in the entire game.
 C = Kills by friends in this place as a percentage of kills by friends in the entire game.
 D = Other kills in this place as a percentage of other kills in the entire game.
 E = Experience gained in this place as a percentage of experience gained in the entire game.
 F = Experience gained in this place divided by the number of levels of this place that you have seen.
                   A       B       C       D       E      F
               +-------+-------+-------+-------+-------+----------------------
         Total | 100.0 | 100.0 |   N/A |   N/A | 100.0 |  88.2
       Dungeon | 100.0 | 100.0 |   N/A |   N/A | 100.0 |  88.2
               +-------+-------+-------+-------+-------+----------------------

Table legend: (Time is in decaauts)
 A = Elapsed time spent in this place.
 B = Non-inter-level travel time spent in this place.
 C = Inter-level travel time spent in this place.
 D = Time resting spent in this place.
 E = Time spent auto-exploring this place.
 F = Levels seen in this place.
 G = Mean time per level.
                   A        B        C        D        E       F      G
               +--------+--------+--------+--------+--------+-----+--------+
         Total |   2680 |   2614 |     66 |      0 |   2345 |   4 |  670.0 |
       Dungeon |   2680 |   2614 |     66 |      0 |   2345 |   4 |  670.0 |
               +--------+--------+--------+--------+--------+-----+--------+

Top non-repeatable levels by time:
     D:2: 905 daAuts
     D:1: 903 daAuts
     D:3: 678 daAuts
     D:4: 193 daAuts
